[Event "4th CNE NED-ch Rapid"]
[Site "Amstelveen"]
[Date "2018.11.18"]
[Round "1"]
[White "Van Wely, Loek"]
[Black "Timman, Jan H"]
[Result "1/2-1/2"]
[ECO "C10"]
[WhiteElo "2622"]
[BlackElo "2541"]
[Annotator "RC"]
[PlyCount "20"]
[EventDate "2018.11.18"]
[EventType "tourn"]
[EventCountry "NED"]
[SourceTitle "playchess.com"]
[Source "ChessBase"]
[SourceQuality "1"]
[TimeControl "900+10"]

1. e4 e6 2. d4 d5 3. Nd2 dxe4 4. Nxe4 Nd7 5. Nf3 Be7 6. Bd3 Ngf6 7. Bf4 Nxe4 8. Bxe4 c5 9. Bg3 O-O 10. O-O f5 1/2-1/2